 Dungeon Crawl Stone Soup version 0.29-a0-823-gc37b1572da (webtiles) character file.

Game seed: 5174029196098399200

1509 gruber the Skirmisher (level 8, 0/37 HPs)
             Began as a Spriggan Arcane Marksman on July 8, 2022.
             Succumbed to a scorpion's poison
             ... on level 6 of the Dungeon.
             The game lasted 00:08:51 (6494 turns).

gruber the Skirmisher (Spriggan Arcane Marksman)    Turns: 6494, Time: 00:08:52

Health: 0/37       AC:  4    Str:  6    XL:     8   Next: 53%
Magic:  11/11      EV: 17    Int: 16    God:
Gold:   156        SH:  0    Dex: 16    Spells: 3/9 levels left

rFire   . . .      SeeInvis +   A - +0 shortbow
rCold   . . .      Faith    .   (shield currently unavailable)
rNeg    . . .      Spirit   .   m - +2 animal skin
rPois   .          Reflect  .   (helmet restricted)
rElec   .          Harm     .   (no cloak)
rCorr   .          Rampage  .   (gloves unavailable)
Will    +....                   (boots unavailable)
Stlth   +.........              (no amulet)
HPRegen 0.12/turn               c - ring of wizardry
MPRegen 0.12/turn               (no ring)

@: lethally poisoned (0 -> -4), hasted, very quick
A: very small, no large weapons, unfitting armour, see invisible, speed 3
a: no special abilities


You were on level 6 of the Dungeon.
You visited 1 branch of the dungeon, and saw 6 of its levels.

You collected 156 gold pieces.

Inventory:

Hand Weapons
 o - a +2 dagger of holy wrath
 A - a +0 shortbow (weapon)
Missiles
 d - 2 poisoned darts
 e - 6 curare-tipped darts
Armour
 m - a +2 animal skin (worn)
Jewellery
 c - a ring of wizardry (left hand)
 u - an amulet of faith
 z - a ring of wizardry
Wands
 y - a wand of polymorph (4)
 C - a wand of iceblast (7)
Scrolls
 a - a scroll of fog {unknown}
 b - 2 scrolls of vulnerability
 f - 7 scrolls of identify {unknown}
 j - 2 scrolls of poison {unknown}
 k - a scroll of noise {unknown}
 n - a scroll of fear {unknown}
 r - a scroll of enchant armour {unknown}
 s - a scroll of blinking {unknown}
 v - a scroll of teleportation {unknown}
 x - a scroll of amnesia {unknown}
Potions
 g - a potion of mutation {unknown}
 h - a potion of flight {unknown}
 i - 2 potions of curing {unknown}
 l - a potion of haste
 p - 2 potions of ambrosia {unknown}
 q - a potion of heal wounds {unknown}
 t - a potion of cancellation {unknown}
 w - a potion of resistance {unknown}
 B - a potion of might {unknown}


   Skills:
 - Level 0.7 Fighting
 - Level 0.5 Short Blades
 - Level 9.3 Ranged Weapons
 * Level 2.6 Dodging
 - Level 1.3 Spellcasting
 - Level 7.4 Hexes
 - Level 0.2 Necromancy
 - Level 0.1 Translocations
 - Level 0.1 Transmutations
 - Level 0.2 Invocations


You had 3 spell levels left.
You knew the following spells:

 Your Spells              Type           Power      Damage    Failure   Level
a - Slow                  Hex            96%        N/A       1%          1
b - Inner Flame           Hex/Fire       13%        N/A       6%          3
c - Ensorcelled Hibernat  Hex/Ice        26%        N/A       3%          2

Your spell library contained the following spells:

 Spells                   Type           Power      Damage    Failure   Level
 Portal Projectile        Hex/Tloc       26%        N/A       6%          3
 Passwall                 Tmut/Erth      0%         N/A       13%         2
 Static Discharge         Conj/Air       1%         3-4/arc   13%         2
 Swiftness                Air            1%         N/A       26%         3
 Cause Fear               Hex            12%        N/A       4%          4
 Anguish                  Hex/Necr       6%         N/A       17%         4
 Lightning Bolt           Conj/Air       0%         1d11      91%         5
 Enfeeble                 Hex            12%        N/A       96%         7
 Maxwell's Capacitive Co  Air            0%         ∞         100%        8


Dungeon Overview and Level Annotations

Branches:
Dungeon (6/15)
 Temple: D:4-7

Altars:
Makhleb
Yredelemnul


Innate Abilities, Weirdness & Mutations

You are very small and have problems with some larger weapons.
You are too small for most types of armour.
You have supernaturally acute eyesight. (SInv)
You cover ground extremely quickly. (Speed+++)


Message History

The scorpion is moderately wounded.
The scorpion stings you.
You shoot an arrow. The arrow hits the scorpion!
The scorpion is severely wounded.
The scorpion stings you but does no damage.
The scorpion stings you.
You are poisoned.
The scorpion poisons you!
You shoot an arrow.
The arrow hits the scorpion but does no damage.
The scorpion is severely wounded.
You feel very sick. The scorpion stings you.
You shoot an arrow. The arrow barely misses the scorpion.
You feel very sick. The scorpion stings you.
You are lethally poisoned!
The scorpion poisons you!
You are too injured to fight recklessly!
You are too injured to fight recklessly!
You feel very sick.
You feel sick.
* * * LOW HITPOINT WARNING * * *
You feel sick.
* * * LOW HITPOINT WARNING * * *
You feel sick.
* * * LOW HITPOINT WARNING * * *
You feel sick.
* * * LOW HITPOINT WARNING * * *
You feel sick.
* * * LOW HITPOINT WARNING * * *
You feel sick.
* * * LOW HITPOINT WARNING * * *
You feel sick.
* * * LOW HITPOINT WARNING * * *
You feel sick.
* * * LOW HITPOINT WARNING * * *
You feel sick.
It was a potion of haste.
You feel yourself speed up.
You die...

#......#
#......#
#......#
#......#
#.....s#
#.###..#
##.###..#
#.......#
+......@#
#.......#
#####<..#
#...#
#...#
#####


You could see a scorpion.

Vanquished Creatures
  Grinder (D:5)
  Edmund (D:5)
  2 centaurs (D:5)
  6 ogres
  A phantom (D:5)
  A scorpion (D:5)
  2 hounds
  A jelly (D:4)
  2 iguanas
  Robin (D:2)
  8 adders
  7 gnolls (D:5)
  5 worms
  2 dart slugs
  6 orcs
  9 bats
  7 endoplasms
  4 giant cockroaches
  10 goblins
  4 hobgoblins
  7 jackals
  4 quokkas
  11 ball pythons
  4 frilled lizards
  4 kobolds
  2 rats (D:1)
112 creatures vanquished.

Vanquished Creatures (others)
  5 plants (D:4)
5 creatures vanquished.

Grand Total: 117 creatures vanquished

Notes
Turn   | Place    | Note
-------+----------+-------------------------------------------
     0 | D:1      | gruber the Spriggan Arcane Marksman began the quest for the
                  | Orb.
     0 | D:1      | Reached XP level 1. HP: 9/9 MP: 3/3
   311 | D:1      | Reached XP level 2. HP: 13/14 MP: 0/5
   432 | D:1      | Reached skill level 3 in Ranged Weapons
   449 | D:1      | Found a faded altar of an unknown god.
  1252 | D:1      | Reached XP level 3. HP: 17/17 MP: 6/6
  1664 | D:2      | Reached skill level 4 in Ranged Weapons
  1674 | D:2      | Noticed Robin
  1722 | D:2      | Killed Robin
  1847 | D:2      | Reached XP level 4. HP: 20/21 MP: 7/7
  2950 | D:3      | Reached skill level 5 in Ranged Weapons
  3195 | D:3      | Learned a level 3 spell: Inner Flame
  3270 | D:4      | Reached XP level 5. HP: 15/25 MP: 4/8
  3417 | D:4      | Learned a level 2 spell: Ensorcelled Hibernation
  3421 | D:4      | Noticed an ogre
  3462 | D:4      | Killed an ogre
  3463 | D:4      | Reached skill level 6 in Ranged Weapons
  3564 | D:4      | Noticed an ogre
  3624 | D:4      | Reached XP level 6. HP: 14/29 MP: 9/9
  4086 | D:4      | Reached skill level 7 in Ranged Weapons
  4364 | D:5      | Entered Level 5 of the Dungeon
  4379 | D:5      | Noticed Grinder
  4384 | D:5      | Paralysed by Grinder for 3 turns
  4411 | D:5      | Killed Grinder
  4412 | D:5      | Reached skill level 8 in Ranged Weapons
  4412 | D:5      | Reached XP level 7. HP: 10/32 MP: 10/10
  5251 | D:5      | Reached skill level 9 in Ranged Weapons
  5416 | D:5      | Reached XP level 8. HP: 37/37 MP: 11/11
  5596 | D:5      | Found a basalt altar of Yredelemnul.
  5671 | D:5      | Reached skill level 5 in Hexes
  5696 | D:5      | Noticed Edmund
  5912 | D:5      | Found a burning altar of Makhleb.
  6276 | D:5      | Killed Edmund
  6493 | D:6      | HP: 1/37 [poisoned by a scorpion]
  6494 | D:6      | Succumbed to a scorpion's poison

Illustrated notes

Levels and vault maps discovered:
D:1:      nzn_arrival_crosshair, layout_basic,
          ebering_ecumenical_altar_abandoned, minmay_tromino_v4_c
D:2:      layout_basic, uniq_robin
D:3:      layout_rooms
D:4:      cheibrodos_old_hovel, layout_rooms
D:5:      layout_basic, lemuel_tele_altar, kennysheep_little_box,
          kennysheep_small_spiral, uniq_grinder, uniq_edmund
D:6:      layout_gridville, cheibrodos_sewer_entry_sluice, nicolae_eternal_life

Skill      XL: |  1  2  3  4  5  6  7  8 |
---------------+-------------------------+-----
Ranged Weapons | 3 4 5 6 8 9 |  9.3
Hexes          | 4 7 |  7.4
Fighting       | |  0.7
Short Blades   | |  0.5
Dodging        | |  2.6
Spellcasting   | |  1.3
Necromancy     | |  0.2
Translocations | |  0.1
Transmutations | |  0.1
Invocations    | |  0.2

Action                   |  1- 3 |  4- 6 |  7- 9 || total
-------------------------+-------+-------+-------++-------
Melee: Dagger            |       |    18 |       ||    18
 Fire: Sling             |   170 |   246 |    43 ||   459
       Shortbow          |       |       |   155 ||   155
 Cast: Slow              |    15 |    28 |    16 ||    59
  Use: Potion            |       |       |     1 ||     1
Armor: Robe              |     9 |       |       ||     9
       Animal skin       |     4 |    18 |    14 ||    36
Dodge: Dodged            |    89 |    87 |    73 ||   249

Table legend: (Time is in decaauts)
 A = Elapsed time spent in this place.
 B = Non-inter-level travel time spent in this place.
 C = Inter-level travel time spent in this place.
 D = Time resting spent in this place.
 E = Time spent auto-exploring this place.
 F = Levels seen in this place.
 G = Mean time per level.
                   A        B        C        D        E       F      G
               +--------+--------+--------+--------+--------+-----+--------+
         Total |   5288 |   5129 |    159 |    154 |   3769 |   6 |  881.3 |
       Dungeon |   5288 |   5129 |    159 |    154 |   3769 |   6 |  881.3 |
               +--------+--------+--------+--------+--------+-----+--------+

Top non-repeatable levels by time:
     D:5: 1697 daAuts
     D:1: 1038 daAuts
     D:4: 940 daAuts
     D:2: 888 daAuts
     D:3: 698 daAuts
     D:6: 26 daAuts
